FIQ, neutral male scurrid Tourist --.-- |...| |..r. |..T| --.-- FIQ the Rambler Experience level: 1 Strength: 14 Dexterity: 11 Constitution: 14 Intelligence: 12 Wisdom: 8 Charisma: 16 Health: 0(9) Energy: 2(2) Def: 0 Gold: 387 Moves: 42 Dungeon seed: 2wtQo-9Xbush6BrG Game ID: FIQ_1498601642 Your Inventory: Coins $ - 387 gold pieces Weapons a - 49 uncursed +2 darts (in quiver) Armor e - an uncursed +0 Hawaiian shirt (being worn) Comestibles b - 2 uncursed chestnuts c - an uncursed lembas wafer d - 6 uncursed food rations f - 2 uncursed tins of goblin meat g - 2 uncursed eggs Scrolls j - 3 uncursed scrolls of magic mapping k - a blessed scroll of magic mapping Potions h - an uncursed potion of extra healing i - a blessed potion of extra healing Wands n - an uncursed wand of secret door detection (0:13) Tools l - an uncursed expensive camera (0:96) m - an uncursed credit card o - an uncursed leash Spells and supernatural/magical abilities: Name Level Category Fail Memory W - pray for help -- divine ? -- Your skills at the end: Miscellaneous Skills wands [Basic] Weapon Skills dart [Basic] Spellcasting Skills Final Attributes: You were devoutly aligned. You had infravision. You were very stealthy. You are dead. Vanquished creatures: a hobgoblin Voluntary challenges: You went without food. You did not adorn yourself with jewelry or accessories. You did not cause conflict. You were not invisible. You did not have reflection. You were not displaced. You were an atheist. You never hit with a wielded weapon. You were a pacifist. You did not use tools. You did not use plumbed fixtures. You did not drink any magical draughts. You were illiterate. You never genocided any monsters. You never polymorphed an object. You never changed form. You used no wishes. You never split a pudding. You never wrote Elbereth's name. You never violated your personal moral code. Dungeon overview: The Dungeons of Doom: levels 1 to 18 Level 1 a long staircase Level 2 an altar to The Lady, a fountain Level 3 Level 4 Level 5 a fountain Level 6 Level 7 Level 8 some fountains Level 9 Level 10 Level 11 Level 12 Level 13 Level 14 Level 15 Level 16 Level 17 Level 18 <- You were here History has recorded: On T:1 you entered the Dungeons of Doom to retrieve the Amulet of Yendor! On T:4 you reached level 2 of The Dungeons of Doom. On T:6 you reached level 3 of The Dungeons of Doom. On T:8 you reached level 4 of The Dungeons of Doom. On T:10 you reached level 5 of The Dungeons of Doom. On T:13 you reached level 6 of The Dungeons of Doom. On T:15 you reached level 7 of The Dungeons of Doom. On T:17 you reached level 8 of The Dungeons of Doom. On T:19 you reached level 9 of The Dungeons of Doom. On T:22 you reached level 10 of The Dungeons of Doom. On T:25 you reached level 11 of The Dungeons of Doom. On T:28 you reached level 12 of The Dungeons of Doom. On T:30 you reached level 13 of The Dungeons of Doom. On T:32 you reached level 14 of The Dungeons of Doom. On T:34 you reached level 15 of The Dungeons of Doom. On T:37 you reached level 16 of The Dungeons of Doom. On T:39 you reached level 17 of The Dungeons of Doom. On T:41 you reached level 18 of The Dungeons of Doom. On T:41 you entered the Rogue tribute level. Score breakdown: Gold: 0 ( 0 points) Experience: 1 level ( 0 points) Exploration: 18 levels ( 510 points) Discoveries: 0 items ( 0 points) Variety of kills: 1 monster ( 50 points) Major goal: (nothing yet) ( 0 points) Survival: died (score multiplied by 3) Total score: 1680 Latest messages: Look for a ...ic transporter. You couldn't quite make out that last message. d - an uncursed food ration. You start digging downward. You continue digging downward. You dig a pit in the floor. You continue digging downward. You dig a hole through the floor. You fall through... You start digging downward. You continue digging downward. You dig a pit in the floor. You continue digging downward. You dig a hole through the floor. You fall through... You start digging downward. You continue digging downward. You dig a pit in the floor. You hear bubbling water. You continue digging downward. You dig a hole through the floor. You fall through... You enter what seems to be an older, more primitive world. You start digging downward. The ice troll claws you! (2x) You're covered in frost! You die... Final status: Aloha FIQ the Tourist, killed by an ice troll... You died in The Dungeons of Doom on dungeon level 18 with 1680 points, and 387 pieces of gold, after 42 moves. You were level 1 with a maximum of 9 hit points when you died.